[ AOE2 MATCH · #505863987 ]
UnrankedBohemians vs Ethiopians
Player's team · WIN
Rival team · LOSS
[ REPLAY ANALYSIS · EXTRACTED FROM THE RECORDED GAME ]
Feudal
9:16
Castle
24:31
Imperial
43:13
| APM avg | 67.5 |
| APM peak | 99 |
| eAPM avg | 36.0 |
| Villagers / military | 214 / 168 |
Focus
⚔️ 22.1% · 🌾 77.9%
Hussite Wagon ×82 · Spearman ×34 · Hand Cannoneer ×24 · Skirmisher ×12 · Monk ×7 · Trebuchet (Packed) ×4
Feudal
8:38
Castle
26:47
Imperial
54:18
| APM avg | 69.8 |
| APM peak | 114 |
| eAPM avg | 40.8 |
| Villagers / military | 266 / 177 |
Focus
⚔️ 28.8% · 🌾 71.2%
Knight ×54 · Archer ×44 · Shotel Warrior ×29 · Mangonel ×21 · Scout Cavalry ×14 · Skirmisher ×6
Match map
Initial resources + every placement click. Lines = walls · curves = elevation contours. ◆ gold · ⬟ stone · ● berries · ✦ relic · ◌ wall gap
Your base· Open — unwalled flank
Poncho's base· Open — unwalled flank
Smoothed initial terrain · ◌ = detected wall gap · hover for details
Inputs per minute
— 大铁牛 - - Poncho
Build order — 大铁牛
First 150 of 548 actions detected
| 0:01 | Queue | Villager (Male) |
| 0:01 | Queue | Villager (Male) |
| 0:02 | Build | House |
| 0:11 | Build | House |
| 0:17 | Queue | Villager (Male) |
| 0:17 | Queue | Villager (Male) |
| 0:18 | Queue | Villager (Male) |
| 1:36 | Queue | Villager (Male) |
| 1:36 | Queue | Villager (Male) |
| 2:04 | Queue | Villager (Male) |
| 2:04 | Queue | Villager (Male) |
| 2:04 | Queue | Villager (Male) |
| 2:10 | Build | Lumber Camp |
| 2:25 | Queue | Villager (Male) |
| 2:25 | Queue | Villager (Male) |
| 2:51 | Build | House |
| 3:07 | Queue | Villager (Male) |
| 3:07 | Queue | Villager (Male) |
| 3:30 | Queue | Villager (Male) |
| 3:31 | Queue | Villager (Male) |
| 3:31 | Queue | Villager (Male) |
| 4:00 | Queue | Villager (Male) |
| 4:35 | Queue | Villager (Male) |
| 4:50 | Queue | Villager (Male) |
| 5:06 | Build | Mill |
| 5:13 | Queue | Villager (Male) |
| 6:02 | Queue | Villager (Male) |
| 6:03 | Research | Loom |
| 6:09 | Build | House |
| 6:58 | Research | Feudal Age |
| 7:30 | Build | Barracks |
| 7:44 | Build | Palisade Wall |
| 9:01 | Queue | Villager (Male) |
| 9:16 | Age | Feudal Age |
| 9:18 | Build | Archery Range |
| 9:34 | Queue | Villager (Male) |
| 10:03 | Queue | Villager (Male) |
| 10:05 | Build | House |
| 10:20 | Queue | Villager (Male) |
| 10:43 | Queue | Villager (Male) |
| 11:03 | Build | Lumber Camp |
| 11:06 | Build | House |
| 11:08 | Build | House |
| 11:09 | Build | House |
| 11:14 | Queue | Villager (Male) |
| 11:24 | Build | Watch Tower |
| 11:28 | Queue | Villager (Male) |
| 11:55 | Queue | Skirmisher |
| 11:55 | Queue | Skirmisher |
| 11:59 | Queue | Villager (Male) |
| 12:22 | Queue | Villager (Male) |
| 12:34 | Queue | Villager (Male) |
| 12:54 | Queue | Villager (Male) |
| 12:58 | Queue | Skirmisher |
| 12:58 | Queue | Skirmisher |
| 13:17 | Build | Market |
| 13:32 | Build | Palisade Wall |
| 13:34 | Build | Palisade Wall |
| 13:37 | Build | Palisade Wall |
| 13:39 | Build | Palisade Wall |
| 13:43 | Queue | Archer |
| 13:43 | Queue | Archer |
| 13:44 | Queue | Villager (Male) |
| 14:14 | Queue | Skirmisher |
| 14:17 | Build | Farm |
| 14:18 | Queue | Villager (Male) |
| 14:18 | Queue | Villager (Male) |
| 14:18 | Queue | Villager (Male) |
| 14:22 | Build | Farm |
| 14:23 | Build | Farm |
| 14:42 | Queue | Villager (Male) |
| 14:43 | Build | Farm |
| 14:58 | Queue | Villager (Male) |
| 15:01 | Build | Farm |
| 15:02 | Build | Farm |
| 15:24 | Build | Farm |
| 15:48 | Build | Mining Camp |
| 15:57 | Queue | Spearman |
| 15:58 | Queue | Spearman |
| 15:59 | Queue | Villager (Male) |
| 16:01 | Build | Farm |
| 16:08 | Build | Farm |
| 16:30 | Queue | Spearman |
| 16:30 | Queue | Villager (Male) |
| 16:33 | Build | Farm |
| 16:42 | Build | Farm |
| 16:45 | Build | Farm |
| 16:52 | Build | Palisade Wall |
| 16:54 | Build | Palisade Wall |
| 16:55 | Build | Palisade Wall |
| 16:57 | Build | Palisade Wall |
| 17:04 | Queue | Skirmisher |
| 17:26 | Queue | Spearman |
| 17:27 | Queue | Spearman |
| 17:27 | Queue | Villager (Male) |
| 17:36 | Build | Palisade Wall |
| 17:41 | Queue | Spearman |
| 17:52 | Queue | Villager (Male) |
| 17:54 | Build | Farm |
| 18:00 | Queue | Spearman |
| 18:17 | Queue | Villager (Male) |
| 18:19 | Build | Farm |
| 18:24 | Build | House |
| 18:39 | Queue | Villager (Male) |
| 18:46 | Build | Farm |
| 18:47 | Queue | Villager (Male) |
| 19:14 | Build | Palisade Wall |
| 19:16 | Queue | Spearman |
| 19:18 | Queue | Skirmisher |
| 19:19 | Queue | Villager (Male) |
| 19:21 | Build | Farm |
| 19:23 | Build | Farm |
| 19:24 | Queue | Spearman |
| 19:32 | Build | Farm |
| 19:38 | Queue | Villager (Male) |
| 19:40 | Build | Blacksmith |
| 19:51 | Queue | Militia |
| 19:53 | Build | House |
| 20:06 | Queue | Villager (Male) |
| 20:11 | Build | Farm |
| 20:12 | Build | Farm |
| 20:36 | Build | Farm |
| 20:49 | Queue | Villager (Male) |
| 21:09 | Queue | Skirmisher |
| 21:26 | Queue | Villager (Male) |
| 21:33 | Build | Mining Camp |
| 21:35 | Build | House |
| 21:50 | Research | Castle Age |
| 22:03 | Build | House |
| 22:04 | Build | House |
| 22:11 | Research | Fletching |
| 22:11 | Research | Fletching |
| 22:33 | Research | Scale Mail Armor |
| 22:34 | Queue | Spearman |
| 22:40 | Queue | Spearman |
| 22:52 | Build | House |
| 23:07 | Queue | Villager (Male) |
| 23:18 | Queue | Spearman |
| 23:36 | Queue | Villager (Male) |
| 23:48 | Research | Forging |
| 24:01 | Queue | Villager (Male) |
| 24:31 | Age | Castle Age |
| 24:33 | Queue | Villager (Male) |
| 24:37 | Queue | Spearman |
| 24:48 | Research | Double-Bit Axe |
| 24:56 | Build | Town Center |
| 24:58 | Queue | Villager (Male) |
| 25:07 | Build | Farm |
| 25:07 | Build | Farm |
| 25:10 | Queue | Villager (Male) |
Build order — Poncho
First 150 of 667 actions detected
| 0:01 | Queue | Villager (Male) ×4 |
| 0:01 | Queue | Villager (Male) ×4 |
| 0:02 | Build | House |
| 0:04 | Build | House |
| 1:26 | Queue | Villager (Male) |
| 2:00 | Queue | Villager (Male) |
| 2:00 | Queue | Villager (Male) |
| 2:22 | Queue | Villager (Male) |
| 2:43 | Queue | Villager (Male) |
| 2:43 | Queue | Villager (Male) |
| 2:58 | Build | Lumber Camp |
| 3:15 | Queue | Villager (Male) |
| 3:15 | Queue | Villager (Male) |
| 3:16 | Queue | Villager (Male) |
| 3:55 | Queue | Villager (Male) |
| 4:05 | Queue | Villager (Male) |
| 4:08 | Queue | Villager (Male) |
| 4:47 | Build | Mill |
| 5:23 | Research | Loom |
| 5:23 | Research | Loom |
| 5:47 | Build | House |
| 5:52 | Queue | Villager (Male) |
| 6:28 | Research | Feudal Age |
| 6:29 | Research | Feudal Age |
| 6:29 | Research | Feudal Age |
| 7:11 | Queue | Villager (Male) |
| 7:47 | Build | House |
| 7:54 | Queue | Villager (Male) |
| 8:18 | Build | Barracks |
| 8:29 | Queue | Villager (Male) |
| 8:32 | Build | House |
| 8:38 | Age | Feudal Age |
| 8:44 | Build | Watch Tower |
| 9:04 | Build | Palisade Wall |
| 9:05 | Build | Palisade Wall |
| 9:06 | Build | Palisade Wall |
| 9:07 | Queue | Villager (Male) |
| 9:07 | Queue | Villager (Male) |
| 9:19 | Queue | Villager (Male) |
| 9:19 | Queue | Villager (Male) |
| 9:23 | Build | House |
| 9:32 | Build | Palisade Wall |
| 9:34 | Build | Palisade Wall |
| 9:34 | Build | Palisade Wall |
| 9:35 | Build | Palisade Wall |
| 9:36 | Build | Palisade Wall |
| 9:38 | Queue | Villager (Male) |
| 9:49 | Build | Palisade Wall |
| 9:53 | Build | Palisade Wall |
| 9:57 | Build | House |
| 10:05 | Queue | Villager (Male) |
| 10:05 | Queue | Villager (Male) |
| 10:05 | Queue | Villager (Male) |
| 10:06 | Queue | Villager (Male) |
| 10:14 | Build | Mill |
| 10:16 | Queue | Villager (Male) |
| 10:16 | Queue | Villager (Male) |
| 10:35 | Build | Archery Range |
| 10:48 | Queue | Villager (Male) |
| 11:03 | Queue | Archer |
| 11:19 | Build | Mining Camp |
| 11:33 | Queue | Skirmisher |
| 11:48 | Queue | Villager (Male) |
| 12:09 | Build | House |
| 12:12 | Build | Palisade Wall |
| 12:46 | Queue | Archer |
| 12:57 | Queue | Villager (Male) |
| 13:05 | Queue | Archer |
| 13:12 | Queue | Villager (Male) |
| 13:12 | Queue | Villager (Male) |
| 13:14 | Build | Stable |
| 13:46 | Queue | Villager (Male) |
| 14:12 | Build | Farm |
| 14:12 | Build | Farm |
| 14:12 | Build | Farm |
| 14:20 | Queue | Scout Cavalry |
| 14:44 | Queue | Villager (Male) |
| 14:45 | Queue | Villager (Male) |
| 14:54 | Build | Market |
| 14:55 | Queue | Villager (Male) |
| 14:56 | Queue | Villager (Male) |
| 15:05 | Queue | Villager (Male) |
| 15:13 | Build | House |
| 15:19 | Queue | Skirmisher |
| 15:23 | Build | Farm |
| 15:25 | Build | Mining Camp |
| 15:32 | Research | Double-Bit Axe |
| 15:32 | Research | Double-Bit Axe |
| 15:35 | Build | House |
| 15:59 | Build | Archery Range |
| 16:05 | Queue | Scout Cavalry |
| 16:08 | Queue | Villager (Male) |
| 16:08 | Queue | Villager (Male) |
| 16:13 | Build | House |
| 16:16 | Build | House |
| 16:23 | Queue | Skirmisher |
| 16:23 | Queue | Skirmisher |
| 16:38 | Build | Mining Camp |
| 16:42 | Queue | Spearman |
| 16:44 | Queue | Skirmisher |
| 16:50 | Build | Farm |
| 17:01 | Queue | Villager (Male) |
| 17:07 | Build | Farm |
| 17:09 | Build | Farm |
| 17:11 | Queue | Archer |
| 17:12 | Queue | Archer |
| 17:33 | Queue | Archer |
| 17:52 | Queue | Villager (Male) |
| 17:55 | Queue | Scout Cavalry |
| 17:59 | Queue | Villager (Male) |
| 18:05 | Queue | Archer |
| 18:07 | Queue | Archer |
| 18:08 | Queue | Spearman |
| 18:15 | Build | Farm |
| 18:15 | Build | Farm |
| 18:15 | Build | Farm |
| 18:20 | Queue | Villager (Male) |
| 18:41 | Queue | Villager (Male) |
| 18:41 | Queue | Villager (Male) |
| 18:50 | Build | Watch Tower |
| 19:23 | Queue | Scout Cavalry |
| 19:25 | Queue | Villager (Male) |
| 19:27 | Queue | Villager (Male) |
| 19:29 | Queue | Villager (Male) |
| 19:32 | Build | Farm |
| 19:33 | Build | Farm |
| 19:33 | Build | Farm |
| 19:33 | Build | Farm |
| 19:33 | Build | Farm |
| 19:33 | Build | Farm |
| 19:34 | Build | Farm |
| 19:36 | Build | Stable |
| 19:52 | Queue | Villager (Male) |
| 19:54 | Build | Farm |
| 19:54 | Build | Farm |
| 19:54 | Build | Farm |
| 19:54 | Build | Farm |
| 19:54 | Build | Farm |
| 19:56 | Queue | Villager (Male) |
| 19:57 | Queue | Villager (Male) |
| 20:12 | Build | Watch Tower |
| 20:24 | Queue | Trade Cart |
| 20:41 | Queue | Scout Cavalry |
| 20:41 | Queue | Scout Cavalry |
| 20:43 | Queue | Villager (Male) |
| 20:48 | Build | Farm |
| 20:58 | Research | Wheelbarrow |
| 20:58 | Research | Wheelbarrow |
| 21:09 | Queue | Archer |
| 21:11 | Queue | Archer |
Match timeline
| 7:30 | 大铁牛 · first_building Barracks |
| 7:44 | 大铁牛 · wall_segment Palisade Wall x1 |
| 8:18 | Poncho · first_building Barracks |
| 8:38 | Poncho · age_up feudal |
| 9:04 | Poncho · wall_segment Palisade Wall x1 |
| 9:05 | Poncho · wall_segment Palisade Wall x2 |
| 9:06 | Poncho · wall_segment Palisade Wall x1 |
| 9:16 | 大铁牛 · age_up feudal |
| 9:18 | 大铁牛 · first_building Archery Range |
| 9:32 | Poncho · wall_segment Palisade Wall x1 |
| 9:34 | Poncho · wall_segment Palisade Wall x3 |
| 9:34 | Poncho · wall_segment Palisade Wall x1 |
| 9:35 | Poncho · wall_segment Palisade Wall x1 |
| 9:36 | Poncho · wall_segment Palisade Wall x1 |
| 9:49 | Poncho · wall_segment Palisade Wall x1 |
| 9:53 | Poncho · wall_segment Palisade Wall x1 |
| 10:35 | Poncho · first_building Archery Range |
| 12:12 | Poncho · wall_segment Palisade Wall x1 |
| 13:14 | Poncho · first_building Stable |
| 13:32 | 大铁牛 · wall_segment Palisade Wall x3 |
| 13:34 | 大铁牛 · wall_segment Palisade Wall x3 |
| 13:37 | 大铁牛 · wall_segment Palisade Wall x5 |
| 13:39 | 大铁牛 · wall_segment Palisade Wall x4 |
| 16:52 | 大铁牛 · wall_segment Palisade Wall x4 |
| 16:54 | 大铁牛 · wall_segment Palisade Wall x3 |
| 16:55 | 大铁牛 · wall_segment Palisade Wall x5 |
| 16:57 | 大铁牛 · wall_segment Palisade Wall x3 |
| 17:36 | 大铁牛 · wall_segment Palisade Wall x1 |
| 19:14 | 大铁牛 · wall_segment Palisade Wall x1 |
| 20:45 | 大铁牛 · first_market_buy 100 food |
| 21:25 | 大铁牛 · first_market_sell 100 wood |
| 24:31 | 大铁牛 · age_up castle |
| 26:29 | 大铁牛 · first_building Monastery |
| 26:47 | Poncho · age_up castle |
| 27:30 | Poncho · first_market_buy 100 wood |
| 27:32 | Poncho · first_building Siege Workshop |
| 28:27 | 大铁牛 · first_building Siege Workshop |
| 29:19 | Poncho · first_market_sell 100 food |
| 31:01 | 大铁牛 · first_building Castle |
| 32:27 | Poncho · first_building Monastery |
| 36:21 | Poncho · wall_segment Palisade Wall x1 |
| 38:35 | Poncho · first_building Castle |
| 43:13 | 大铁牛 · age_up imperial |
| 54:18 | Poncho · age_up imperial |
| 57:46 | Poncho · resign |
[ AI ANALYSIS · 1 CREDIT ]
What really happened in this match?
Wolo.gg analyzes every decision: build order, eco, micro, common mistakes by bracket. Personalized analysis on WhatsApp or Discord in 30 seconds.
Civ guide
Bohemians
Perfil
Jugador #15782699